 Dungeon Crawl Stone Soup version 0.25.0-26-g0c896c7088 (webtiles) character file.

Game seed: 758573635537179483

6815 protoss039 the Cleaver (level 10, -1/93 HPs)
             Began as a Minotaur Monk on July 2, 2020.
             Was a Believer of Okawaru.
             Slain by a troll (8 damage)
             ... on level 8 of the Dungeon.
             The game lasted 00:48:13 (15139 turns).

protoss039 the Cleaver (Minotaur Monk)             Turns: 15139, Time: 00:48:14

Health: -1/93      AC: 15    Str: 19    XL:     10   Next: 77%
Magic:  9/9        EV:  8    Int:  7    God:    Okawaru [**....]
Gold:   489        SH:  0    Dex: 13    Spells: 9/9 levels left

rFire    . . .     SeeInvis .   a - +0 hand axe
rCold    . . .     Gourm    .   (no shield)
rNeg     . . .     Faith    .   r - +0 plate armour (curse)
rPois    .         Spirit   .   (helmet restricted)
rElec    .         Reflect  .   (no cloak)
rCorr    .         Harm     .   (no gloves)
MR       .....                  (no boots)
Stlth    ..........             (no amulet)
HPRegen  0.25/turn              k - ring of stealth
MPRegen  0.11/turn              (no ring)

@: no status effects
A: retaliatory headbutt, horns 2
a: Heroism, Renounce Religion


You were on level 8 of the Dungeon.
You worshipped Okawaru.
Okawaru was pleased with you.
You were not hungry.

You visited 2 branches of the dungeon, and saw 10 of its levels.

You collected 564 gold pieces.
You spent 75 gold pieces at shops.

Inventory:

Hand Weapons
 a - a +0 hand axe (weapon)
 B - a +0 battleaxe
 C - a +0 falchion of flaming
Armour
 r - a cursed +0 plate armour (worn)
Jewellery
 k - a ring of stealth (left hand)
Wands
 g - a wand of flame (12)
 l - a wand of polymorph (10)
 x - a wand of iceblast (7)
Scrolls
 d - 2 scrolls of immolation
 e - 2 scrolls of teleportation
 f - 4 scrolls of noise {unknown}
 h - 2 scrolls of random uselessness {unknown}
 i - 4 scrolls of fog {unknown}
 m - 3 scrolls of enchant weapon {unknown}
 o - 4 scrolls of magic mapping {unknown}
 p - 7 scrolls of remove curse
 q - 2 scrolls of fear
 t - a scroll of amnesia {unknown}
 y - a scroll of blinking {unknown}
Potions
 b - 2 potions of resistance
 j - 3 potions of curing
 n - 2 potions of cancellation
 s - a potion of stabbing
 u - 2 potions of brilliance
 v - 2 potions of heal wounds
 w - a potion of invisibility
 z - a potion of lignification {unknown}
 A - a potion of flight
Comestibles
 c - 8 rations


   Skills:
 + Level 9.9 Fighting
 + Level 12.7 Axes
 + Level 11.8 Armour
 - Level 3.2 Dodging
 - Level 1.5 Stealth


You had 9 spell levels left.
You didn't know any spells.
Your spell library contained the following spells:

 Spells                   Type           Power        Failure   Level  Hunger
 Magic Dart               Conj           #...         100%        1    ##.....
 Blink                    Tloc           N/A          100%        2    ###....
 Call Imp                 Summ           #.......     100%        2    ###....
 Slow                     Hex            #.......     100%        2    ###....
 Conjure Flame            Conj/Fire      #.......     100%        3    ####...
 Mephitic Cloud           Conj/Pois/Air  #.......     100%        3    ####...


Dungeon Overview and Level Annotations

Branches:
Dungeon (9/15)             Temple (1/1) D:4            Lair (0/6) D:8
    Orc: D:9-12

Altars:
Ashenzari
Cheibriados
Dithmenos
Elyvilon
Fedhas
Gozag
Hepliaklqana
Kikubaaqudgha
Makhleb
Nemelex Xobeh
Okawaru
Qazlal
Ru
Sif Muna
Trog
Uskayaw
Vehumet
Wu Jian
Xom
Yredelemnul
Zin
The Shining One

Shops:
D:7 %*


Innate Abilities, Weirdness & Mutations

You reflexively headbutt those who attack you in melee.
You have a pair of horns on your head.


Message History

You hit the troll.
The troll is lightly wounded.
The troll bites you. The troll claws you.
The troll claws you but does no damage.
You hit the troll.
The troll is lightly wounded.
The troll bites you but does no damage. The troll claws you but does no damage.
The troll claws you!
* * * LOW HITPOINT WARNING * * *
You slash the troll!
You headbutt the troll, but do no damage.
The troll is moderately wounded.
You hit the troll.
The troll is heavily wounded.
The troll bites you!
* * * LOW HITPOINT WARNING * * *
The troll claws you.
* * * LOW HITPOINT WARNING * * *
The troll claws you!
You die...

#..###.# #)[.(.....##.###.#...
..#.##.# #..####.####.....#..#
.###...# #..# #.# #######..#
#.#.##.# #..####.# #..#
##.###.######....##.##########..#
##.###..........................#
##.....#########O........######.#
##..##.# #T#.........# #.#
P......# #@#..###..#.# #.#
......##########.#..# #..#.# #.#
......P..........#.O# #..#.####.#
..P.....########.#..# #.......)..
.P.....P########.#..# ####.##....
......P..........#..###..........
.......P.#########.....O##.##....
.>.......# #....>>...##....
P........# ############....


You could see a two-headed ogre and a troll.

Vanquished Creatures
  Grinder (D:5)
  2 hippogriffs
  Sigmund (D:4)
  Eustachio (D:5)
  A vampire (D:9)
  2 basilisks (D:8)
  A hungry ghost (D:9)
  3 porcupines
  3 orc warriors
  3 sky beasts
  5 ice beasts
  3 black bears (D:8)
  A phantom (D:6)
  3 necrophages (D:7)
  2 wolves (D:8)
  10 ogres
  4 centaurs
  A crocodile (D:8)
  Blork the orc (D:5)
  4 bullfrogs
  4 scorpions
  4 killer bees (D:7)
  4 wights (D:6)
  2 howler monkeys
  5 crimson imps
  A centaur zombie (D:7)
  4 bullfrog zombies
  5 hounds
  A bullfrog skeleton (D:8)
  3 orc priests
  Terence (D:3)
  2 iguanas
  3 orc wizards
  3 worker ants
  2 worker ant zombies
  A howler monkey zombie (D:6)
  4 gnolls (D:4)
  8 adders
  6 river rats (D:6)
  4 shadow imps
  An adder zombie (D:8)
  2 adder skeletons
  5 worms
  2 dart slugs
  3 leopard geckos
  26 orcs
  3 giant cockroaches
  6 goblins
  5 hobgoblins (D:2)
  11 jackals
  8 kobolds
  5 quokkas
  3 ball pythons
  5 bats
  9 frilled lizards
  A leopard gecko zombie (D:7)
  A quokka skeleton (D:7)
  19 rats
  A bush (D:7)
  2 plants (D:7)
237 creatures vanquished.

Vanquished Creatures (others)
  A bush (D:8)
  2 fungi (D:8)
  15 plants
18 creatures vanquished.

Grand Total: 255 creatures vanquished

Notes
Turn   | Place    | Note
-------+----------+-------------------------------------------
     0 | D:1      | protoss039 the Minotaur Monk began the quest for the Orb.
     0 | D:1      | Reached XP level 1. HP: 19/19 MP: 0/0
    74 | D:1      | Reached skill level 4 in Axes
   206 | D:1      | Reached XP level 2. HP: 27/27 MP: 1/1
   776 | D:2      | Reached XP level 3. HP: 29/34 MP: 2/2
  1047 | D:2      | Reached skill level 1 in Armour
  1463 | D:2      | Reached XP level 4. HP: 41/41 MP: 3/3
  1476 | D:2      | Reached skill level 5 in Axes
  1545 | D:2      | Found a white marble altar of Elyvilon.
  2852 | D:3      | Noticed Terence
  2862 | D:3      | Killed Terence
  2913 | D:3      | Reached XP level 5. HP: 47/47 MP: 4/4
  3054 | D:3      | Reached skill level 5 in Fighting
  3551 | D:3      | Noticed Sigmund
  3917 | D:4      | Reached skill level 6 in Axes
  4055 | D:4      | Found a transporter.
  4132 | D:4      | Reached XP level 6. HP: 52/56 MP: 5/5
  4758 | D:4      | Found a glowing silver altar of Zin.
  4778 | D:4      | Reached skill level 7 in Axes
  4778 | D:4      | Reached skill level 5 in Armour
  4778 | D:4      | Reached XP level 7. HP: 42/62 MP: 6/6
  4909 | D:4      | Killed Sigmund
  5047 | D:4      | Found a transporter.
  5860 | D:5      | Entered Level 5 of the Dungeon
  6137 | D:5      | Noticed Blork the orc
  6309 | D:5      | Noticed Eustachio
  6338 | D:5      | Killed Blork the orc
  6338 | D:5      | Reached skill level 8 in Axes
  6338 | D:5      | Reached XP level 8. HP: 42/70 MP: 7/7
  6725 | D:5      | Noticed Grinder
  6766 | D:5      | Killed Grinder
  7124 | D:5      | Killed Eustachio
  7359 | D:6      | Reached skill level 9 in Axes
  7422 | D:6      | Noticed a hippogriff
  7744 | D:6      | Reached XP level 9. HP: 25/79 MP: 8/8
  8249 | D:6      | Reached skill level 10 in Axes
  8765 | D:6      | Found a radiant altar of Vehumet.
  9545 | D:5      | Found a sacrificial altar of Ru.
  9817 | D:7      | Found Ecus's Assorted Antiques.
  9841 | D:7      | Bought a dark potion for 18 gold pieces
  9841 | D:7      | Bought a scroll labeled NAONOHI SORON for 21 gold pieces
  9841 | D:7      | Bought a green potion for 18 gold pieces
  9841 | D:7      | Bought a murky black potion for 18 gold pieces
  9933 | D:7      | Reached skill level 10 in Armour
 10619 | D:7      | Reached skill level 11 in Axes
 11099 | D:7      | Found Maollean's Food Emporium.
 11291 | D:7      | Found a blossoming altar of Fedhas.
 11434 | D:7      | Reached XP level 10. HP: 79/90 MP: 9/9
 12153 | D:8      | Reached skill level 12 in Axes
 12507 | D:8      | Found a staircase to the Lair.
 13087 | D:8      | Noticed a two-headed ogre
 14327 | D:4      | Found a staircase to the Ecumenical Temple.
 14350 | Temple   | Entered the Ecumenical Temple
 14401 | Temple   | Became a worshipper of Warmaster Okawaru
 14401 | Temple   | Reached * piety under Okawaru
 14401 | Temple   | Reached ** piety under Okawaru
 15139 | D:8      | Slain by a troll

Illustrated notes

Levels and vault maps discovered:
D:1:      sevenhm_arrival_forest_fort_small_6, layout_loops_ring
D:2:      layout_basic, small_statue_intersection, elyvilon_altar_3
D:3:      layout_basic, uniq_terence, uniq_sigmund
D:4:      gammafunk_cloud_chamber, layout_basic, overflow_temple_1_default,
          minmay_temple_entry_sparse_star, first_ration, hex_intersection
D:5:      layout_cave_pools, lemuel_round_altar, uniq_eustachio,
          uniq_blork_the_orc, uniq_grinder
D:6:      layout_loops_ring, basic_altar, dk_rats_in_the_wall
D:7:      layout_loops_ring, fedhas_altar_decomposition, serial_shops, shop,
          nicolae_shop_waterfront
D:8:      layout_loops_ring, minmay_lair_entry_grove
D:9:      layout_loops_cross, lemuel_doored_altar, orc_0_dummy,
          minmay_fountain_box
Temple:   hc_temple_tempest_star

Skill      XL: |  1  2  3  4  5  6  7  8  9 10 |
---------------+-------------------------------+-----
Axes           | 4 5 6 7 8 9 11 12 | 12.7
Fighting       | 4 5 6 7 8 9 |  9.9
Armour         | 1 2 3 5 6 8 10 11 | 11.8
Dodging        | |  3.2
Stealth        | |  1.5

Action                   |  1- 3 |  4- 6 |  7- 9 | 10-12 || total
-------------------------+-------+-------+-------+-------++-------
Melee: Hand axe          |    77 |   161 |   496 |   324 ||  1058
       Headbutt          |    10 |    35 |   123 |    68 ||   236
       Battleaxe         |       |       |       |    22 ||    22
Evoke: Wand              |       |       |       |     5 ||     5
  Use: Scroll            |       |     7 |     3 |     5 ||    15
       Potion            |       |       |     3 |     1 ||     4
 Stab: Invisible         |       |       |     6 |       ||     6
  Eat: Chunk             |     2 |     5 |     5 |    12 ||    24
       Ration            |       |     1 |     5 |     1 ||     7
Armor: Chain mail        |    40 |    54 |    21 |       ||   115
       Plate armour      |       |       |   260 |   201 ||   461
Dodge: Dodged            |    34 |    66 |   173 |   126 ||   399
